 Dungeon Crawl Stone Soup version 0.30.0-15-g856e2d3f33 (webtiles) character file.

Game seed: 15548159661136743925

245 Demosthentine the Ducker (level 5, 28/41 HPs)
             Began as a Demonspawn Gladiator on May 20, 2023.
             Got out of the dungeon alive.
             The game lasted 00:02:00 (889 turns).

Demosthentine the Ducker (Demonspawn Gladiator)      Turns: 889, Time: 00:02:00

Health: 28/41      AC: 10    Str: 16    XL:     5   Next: 84%
Magic:  5/5        EV: 13    Int:  8    God:
Gold:   87         SH:  0    Dex: 14    Spells: 4/4 levels left

rFire   . . .        a - +0 trident
rCold   . . .        (no shield)
rNeg    . . .        b - +0 leather armour
rPois   +            (helmet restricted)
rElec   .            (no cloak)
rCorr   .            i - +0 pair of gloves
SInv    .            (no boots)
Will    .....        (no amulet)
Stlth   +            (no ring)
HPRegen 0.26/turn    (no ring)
MPRegen 0.09/turn

%: no passive effects
@: sanguine armoured
A: sanguine armour 1, demonic magic 2, beak, dopey 1, poison resistance
a: no special abilities


You escaped.
You visited 1 branch of the dungeon, and saw 2 of its levels.

You collected 87 gold pieces.

Inventory:

Hand Weapons
 a - a +0 trident (weapon)
Missiles
 d - 2 throwing nets (quivered)
 e - a javelin
Armour
 b - a +0 leather armour (worn)
 i - a +0 pair of gloves (worn)
 k - a +2 helmet
Scrolls
 c - a scroll of torment {unknown}
 f - a scroll of identify
 l - a scroll of poison {unknown}
 m - a scroll of fear {unknown}
Potions
 g - a potion of invisibility
 j - a potion of attraction {unknown}


   Skills:
 + Level 3.4 Fighting
 + Level 3.7 Polearms
 - Level 1.7 Throwing
 + Level 2.4 Armour
 + Level 3.8 Dodging


You had 4 spell levels left.
You didn't know any spells.
Your spell library contained the following spells:

 Spells                   Type           Power      Damage    Failure   Level
 Magic Dart               Conj           0%         1d3       45%         1
 Searing Ray              Conj           0%         2d4       61%         2
 Dazzling Flash           Conj/Hex       0%         N/A       83%         3
 Volatile Blastmotes      Fire/Tloc      0%         2d10      83%         3
 Fulminant Prism          Conj/Hex       0%         3d5       99%         4
 Iskenderun's Mystic Bla  Conj/Tloc      0%         2d3       99%         4
 Starburst                Conj/Fire      0%         6d3       100%        6


Dungeon Overview and Level Annotations

Branches:
Dungeon (2/15)

Altars:


Innate Abilities, Weirdness & Mutations

When seriously injured, your blood forms armour. (AC +6)
Spells you cast may paralyse nearby enemies.
You have a beak for a mouth.
You are dopey. (Int -2)
Your system is resistant to poisons. (rPois)


Message History

You hit Terence but do no damage.
Terence is moderately wounded.
Terence struggles against the net.
You hit Terence.
Terence is heavily wounded.
Terence struggles against the net.
The net rips apart, and Terence comes free!
You hit Terence but do no damage. Your peck misses Terence.
Terence is heavily wounded.
Terence misses you.
Throw: throwing net
Press: ? - help, Q - select action, (/) - cycle Shift-Dir - straight line, f/p - Terence
Aim: Terence, wielding a +0 flail and wearing a +0 scale mail (heavily wounded, 63% to hit)
You throw a throwing net. The throwing net hits Terence.
Terence is caught in the net!
Terence is heavily wounded.
Terence struggles against the net.
You puncture Terence!
Terence is almost dead.
Terence struggles against the net.
You hit Terence.
You kill Terence!
d - a throwing net;
d - 2 throwing nets (gained 1)
Things that are here:
a +0 flail; a +0 scale mail; the felid corpse of Natasha Really quaff the potion of mutation?
You feel extremely strange.
Your magical essence no longer links to wands of the dungeon.
You no longer feel strong-willed.
You feel stupid.
Unknown command.
(D) Dungeon
Where to? (Enter - D:2, ? - help)
What level of the Dungeon? (default 1, ? - help)
There is a stone staircase leading up here.
You climb upwards.
There is a stone staircase leading down here.
You see here a +0 dagger.
There is a staircase leading out of the dungeon here.
Are you sure you want to leave the Dungeon?
This will make you lose the game!
You have escaped!

....### #.........|....##..###
###...# #.....#######..###..## #
###.### ##....##...##..# ##.##
#####...#####....#.###.#..# #...
##...##).(##..#..#.#§#.#..# ####
#..........#.##..#.§##.#..# #
.............#...##...##..# #
[................###'###..#######
.............#..@..............##
#..........#.#.................#
##........##.###.##..#.#.#.....#
##...#........)#..#.##.#.......#
#..####..###........##.##......##
.÷## ##.###.####...##..#...####.
#..### #.##..##..#.............#.
.....# #.##.###................).
##.#.###..#.#####.##........###..


There were no monsters in sight!

Vanquished Creatures
  Sigmund (D:2)
  Terence (D:2)
  Natasha (D:2)
  A dart slug (D:2)
  6 ball pythons
  3 bats
  3 endoplasms
  A giant cockroach (D:1)
  4 goblins
  5 hobgoblins
  A quokka (D:2)
  4 frilled lizards (D:1)
  A kobold (D:1)
  4 rats (D:1)
36 creatures vanquished.

Notes
Turn   | Place    | Note
-------+----------+-------------------------------------------
     0 | D:1      | Demosthentine the Demonspawn Gladiator began the quest for
                  | the Orb.
     0 | D:1      | Reached XP level 1. HP: 16/16 MP: 1/1
   152 | D:1      | Gained mutation: Spells you cast may paralyse adjacent
                  | enemies. [demonic ancestry]
   152 | D:1      | Reached XP level 2. HP: 22/22 MP: 2/2
   529 | D:2      | Reached skill level 1 in Armour
   590 | D:2      | Reached XP level 3. HP: 23/28 MP: 3/3
   609 | D:2      | Noticed Sigmund
   625 | D:2      | Gained mutation: You expend magic power (3 MP) to
                  | strengthen your wands. [potion of mutation]
   625 | D:2      | Gained mutation: You have a beak for a mouth. [potion of
                  | mutation]
   625 | D:2      | Gained mutation: You are strong-willed. (Will+) [potion of
                  | mutation]
   625 | D:2      | Gained mutation: Your system is resistant to poisons.
                  | (rPois) [potion of mutation]
   633 | D:2      | Killed Sigmund
   634 | D:2      | Gained mutation: When seriously injured, your blood forms
                  | armour. (AC +6) [demonic ancestry]
   634 | D:2      | Reached XP level 4. HP: 22/35 MP: 4/4
   634 | D:2      | Gained mutation: Spells you cast may paralyse nearby
                  | enemies. [demonic ancestry]
   634 | D:2      | Reached XP level 5. HP: 25/41 MP: 5/5
   810 | D:2      | Noticed Natasha
   813 | D:2      | Noticed Terence
   845 | D:2      | Killed Natasha
   855 | D:2      | Killed Terence
   858 | D:2      | Lost mutation: You expend magic power (3 MP) to strengthen
                  | your wands. [potion of mutation]
   858 | D:2      | Lost mutation: You are strong-willed. (Will+) [potion of
                  | mutation]
   858 | D:2      | Gained mutation: You are dopey. (Int -2) [potion of
                  | mutation]
   889 | D:$      | Got out of the dungeon alive.

Illustrated notes

Levels and vault maps discovered:
D:1:      minmay_arrival_stone_box, layout_rooms
D:2:      layout_rooms, uniq_terence, uniq_natasha, uniq_sigmund

Skill      XL: |  1  2  3 |
---------------+----------+-----
Dodging        | 3 |  3.8
Polearms       | 3 |  3.7
Armour         | 1 2 |  2.4
Fighting       | 3 |  3.4
Throwing       | |  1.7

Action                     |  1- 3 |  4- 6 || total
---------------------------+-------+-------++-------
  Melee: Trident           |   106 |    27 ||   133
         Peck              |     2 |     2 ||     4
  Throw: Throwing net      |       |     3 ||     3
    Use: Scroll            |     3 |       ||     3
         Potion            |     1 |     1 ||     2
   Stab: Sleeping          |     1 |       ||     1
         Held in net/web   |       |     1 ||     1
 Armour: Leather armour    |    22 |     4 ||    26
  Dodge: Dodged            |    58 |    15 ||    73
